 Dungeon Crawl Stone Soup version 0.26-a0-542-gbaa144ba5c (webtiles) character file.

Game seed: 15945429003650358231

(classic levelgen) 6288 EnegeticOcto the Cleaver (level 10, -3/88 HPs)
             Began as a Deep Dwarf Fighter on Aug 18, 2020.
             Was a Believer of Ashenzari.
             Slain by a seven-headed hydra (6 damage)
             ... on level 11 of the Dungeon.
             The game lasted 00:09:38 (1787 turns).

EnegeticOcto the Cleaver (Deep Dwarf Fighter)       Turns: 1787, Time: 00:09:39

Health: -3/88      AC: 15    Str: 23    XL:     10   Next: 63%
Magic:  6/6        EV:  6    Int:  9    God:    Ashenzari [**....]
Gold:   268        SH: 11    Dex: 12    Spells: 17/17 levels left

rFire    . . .     SeeInvis .   t - +2 scimitar (flame)
rCold    . . .     Faith    .   c - +0 kite shield (curse)
rNeg     . . .     Spirit   .   o - +3 chain mail
rPois    .         Reflect  .   (no helmet)
rElec    .         Harm     .   (no cloak)
rCorr    .                      (no gloves)
MR       +....                  x - +2 pair of boots (curse)
Stlth    ..........             (no amulet)
HPRegen  0.00/turn              (no ring)
MPRegen  0.10/turn              (no ring)

@: non-regenerating
A: damage resistance, heal wounds, deterioration 1, sense surroundings 2, no
regeneration
a: Heal Wounds, Curse Item, Scrying, Renounce Religion


You were on level 11 of the Dungeon.
You worshipped Ashenzari.
Ashenzari was pleased with you.
You visited 1 branch of the dungeon, and saw 11 of its levels.
You also visited: Sewer.

You collected 268 gold pieces.

Inventory:

Hand Weapons
 a - a +0 war axe
 p - a +4 hand axe of venom
 t - a +2 scimitar of flaming (weapon)
Missiles
 s - a throwing net (quivered) {!f}
Armour
 b - a +0 scale mail
 c - a cursed +0 kite shield (worn)
 h - a +0 chain mail
 o - a +3 chain mail (worn)
 x - a cursed +2 pair of boots (worn)
Wands
 g - a wand of digging (3) {@v3}
 j - a wand of paralysis (10)
 y - a wand of flame (16) {@v4}
Scrolls
 i - 2 scrolls of teleportation {@r3 !r}
 k - a scroll of noise
 m - 4 scrolls of remove curse {@r2}
 n - a scroll of immolation
Potions
 d - 2 potions of stabbing {@q5 !q}
 e - a potion of invisibility {unknown}
 f - a potion of haste {unknown}
 l - 5 potions of curing {@q1 !q}
 q - 3 potions of flight
 r - 3 potions of heal wounds {@q2 !q}
 u - 2 potions of lignification {@q6}
 v - a potion of brilliance {unknown}


   Skills:
 + Level 5.4 Fighting
 * Level 13.3 Axes
 - Level 3.2 Armour
 + Level 6.5(8.0) Shields
 - Level 4.0 Spellcasting
 + Level 6.6 Evocations


You had 17 spell levels left.
You didn't know any spells.
Your spell library was empty.

Dungeon Overview and Level Annotations

Branches:
Dungeon (11/15)             Sewer (visited)
 Temple: D:4-7         Lair: D:8-11         Orc: D:9-12

Altars:
Ashenzari
Fedhas


Innate Abilities, Weirdness & Mutations

You are resistant to damage.
You can heal yourself by infusing magical energy.
You passively map the area around you.
You do not regenerate.
Your body sometimes deteriorates upon taking damage.


Message History

You feel less confused.
The eight-headed hydra bites you but does no damage. x2
The eight-headed hydra closely misses you.
The eight-headed hydra bites you!
The eight-headed hydra bites you but does no damage.
You block the eight-headed hydra's attack.
The eight-headed hydra barely misses you.
The eight-headed hydra bites you but does no damage.
Items here: ! ) / [.
t - a +2 scimitar of flaming The eight-headed hydra bites you but does no damage. x2
You block the eight-headed hydra's attack.
The eight-headed hydra bites you but does no damage.
The eight-headed hydra bites you!
You block the eight-headed hydra's attack. x2
The eight-headed hydra bites you but does no damage.
The howler monkey hits you but does no damage.
The howler monkey hoots and howls with incredible vigour!
You hear a shout!
Your +4 hand axe of venom stops dripping with poison.
Your +2 scimitar of flaming bursts into flame!
t - a +2 scimitar of flaming (weapon)
The eight-headed hydra bites you but does no damage. x4
The eight-headed hydra bites you.
The eight-headed hydra bites you but does no damage. x2
You block the eight-headed hydra's attack.
The howler monkey hits you but does no damage.
You lop one of the eight-headed hydra's heads off!
The flame cauterises the wound!
You slash the seven-headed hydra! You burn the seven-headed hydra.
The seven-headed hydra is moderately wounded.
The howler monkey hits you but does no damage.
The seven-headed hydra bites you! x2
* * * LOW HITPOINT WARNING * * *
You block the seven-headed hydra's attack.
The seven-headed hydra bites you!
* * * LOW HITPOINT WARNING * * *
The seven-headed hydra bites you but does no damage.
The seven-headed hydra bites you!
* * * LOW HITPOINT WARNING * * *
The seven-headed hydra barely misses you.
You feel much better. You block the howler monkey's attack.
You block the seven-headed hydra's attack.
The seven-headed hydra bites you.
The seven-headed hydra bites you but does no damage.
The seven-headed hydra barely misses you.
The seven-headed hydra bites you!
* * * LOW HITPOINT WARNING * * *
The seven-headed hydra barely misses you.
The seven-headed hydra bites you.
The howler monkey hits you but does no damage.
You feel much better.
You block the seven-headed hydra's attack.
The seven-headed hydra bites you but does no damage. x2
The seven-headed hydra bites you! x2
The seven-headed hydra bites you but does no damage.
The seven-headed hydra bites you.
* * * LOW HITPOINT WARNING * * *
The howler monkey completely misses you.
You feel much better.
The howler monkey hoots and howls with incredible vigour!
The seven-headed hydra completely misses you.
The seven-headed hydra bites you. The seven-headed hydra bites you!
The seven-headed hydra bites you.
The seven-headed hydra barely misses you.
The seven-headed hydra bites you.
The seven-headed hydra closely misses you.
The howler monkey barely misses you.
You riposte.
You barely miss the howler monkey.
You feel much better.
The howler monkey hoots and howls with incredible vigour!
The seven-headed hydra bites you but does no damage.
The seven-headed hydra bites you!
You block the seven-headed hydra's attack.
The seven-headed hydra bites you! x2
The seven-headed hydra bites you but does no damage.
The seven-headed hydra bites you.
You hear a shout!
You hit the seven-headed hydra. You burn the seven-headed hydra.
The seven-headed hydra is moderately wounded.
You block the howler monkey's attack.
The seven-headed hydra bites you but does no damage.
The seven-headed hydra bites you. x3
The seven-headed hydra bites you but does no damage.
The seven-headed hydra bites you!
* * * LOW HITPOINT WARNING * * *
You block the seven-headed hydra's attack.
The howler monkey hits you but does no damage.
You block the seven-headed hydra's attack.
The seven-headed hydra bites you.
* * * LOW HITPOINT WARNING * * *
The seven-headed hydra bites you!
* * * LOW HITPOINT WARNING * * *
The seven-headed hydra bites you.
* * * LOW HITPOINT WARNING * * *
The seven-headed hydra bites you but does no damage.
The seven-headed hydra bites you!
* * * LOW HITPOINT WARNING * * *
The seven-headed hydra bites you!
You die...

*** ,, ,,, ** , ,, ## , .#
* ###### * ,,,, ** . * *
**#######....# , , ,
*####., ,∆ , .......##.# ,
.....##### * *#........# *
*
,*#####$...@#######....#..#
, *
,.......<.DhTh...#[...#..##
, ,*
##.......######...........
*,*
#.............{...###.#.# *
* *#................##
#...# ,
,,,*#...?............#
##..# , ,
..####.##.........# ##.# ,
, . ,,.............# * #..
,, * ..##..........# ,...


You could see a seven-headed hydra, a troll and 2 howler monkeys.

Vanquished Creatures
  Harold (D:9)
  Erolcha (D:9)
  Erica (D:11)
  2 two-headed ogres (D:10)
  3 trolls (D:10)
  An acid dragon (D:8)
  A sky beast (D:10)
  An orc warrior (D:10)
  3 ogres
  6 centaurs
  A big kobold (Sewer)
  3 bullfrogs
  3 scorpions
  3 hounds
  A jelly (D:5)
  5 orc priests
  A bullfrog skeleton (D:4)
  A centaur skeleton (D:11)
  8 orc wizards
  Jessica (D:3)
  2 iguanas (D:5)
  6 worker ants
  A hound skeleton (D:8)
  A howler monkey skeleton (D:10)
  4 gnolls (D:5)
  2 river rats (Sewer)
  2 shadow imps
  An ooze (D:6)
  An adder skeleton (D:10)
  2 worms (D:5)
  2 dart slugs
  3 leopard geckos
  27 orcs
  2 giant cockroaches
  A hobgoblin (D:1)
  5 jackals
  4 quokkas
  A bat (D:1)
  A goblin (D:2)
  A jackal skeleton (D:5)
  5 kobolds
  6 rats
127 creatures vanquished.

Notes
Turn   | Place    | Note
-------+----------+-------------------------------------------
     0 | D:1      | EnegeticOcto the Deep Dwarf Fighter began the quest for the
                  | Orb.
     0 | D:1      | Reached XP level 1. HP: 20/20 MP: 1/1
    72 | D:1      | Reached skill level 3 in Axes
    74 | D:1      | Reached XP level 2. HP: 17/27 MP: 2/2
    93 | D:2      | Your magical essence is drained by the effort!
    97 | D:2      | Reached skill level 4 in Axes
    97 | D:2      | Reached XP level 3. HP: 26/33 MP: 2/2
   157 | D:2      | Found a faded altar of an unknown god.
   166 | D:2      | Became a worshipper of Ashenzari the Shackled
   166 | D:2      | Reached * piety under Ashenzari
   185 | D:3      | Noticed Jessica
   191 | D:3      | Killed Jessica
   191 | D:3      | Reached XP level 4. HP: 31/40 MP: 3/3
   237 | D:3      | Reached skill level 5 in Axes
   283 | D:4      | Reached XP level 5. HP: 32/46 MP: 4/4
   341 | D:4      | Reached skill level 6 in Axes
   371 | D:5      | Entered Level 5 of the Dungeon
   388 | D:5      | Your magical essence is drained by the effort!
   397 | D:5      | Reached skill level 7 in Axes
   397 | D:5      | Reached XP level 6. HP: 38/55 MP: 4/4
   427 | D:5      | Your magical essence is drained by the effort!
   440 | D:5      | Your magical essence is drained by the effort!
   442 | D:5      | Reached skill level 1 in Spellcasting
   487 | D:5      | Reached skill level 8 in Axes
   487 | D:5      | Reached XP level 7. HP: 38/61 MP: 3/5
   492 | D:5      | Reached skill level 2 in Spellcasting
   530 | D:5      | Found a glowing drain.
   543 | Sewer    | Entered a sewer
   612 | Sewer    | Found a glowing silver altar of Zin.
   671 | D:6      | Reached ** piety under Ashenzari
   702 | D:5      | Reached skill level 9 in Axes
   707 | D:5      | Your magical essence is drained by the effort!
   754 | D:6      | Reached skill level 3 in Spellcasting
   771 | D:6      | Reached XP level 8. HP: 46/68 MP: 7/7
   982 | D:7      | Reached skill level 10 in Axes
  1080 | D:8      | Gained mutation: You are dopey. (Int -2) [potion of
                  | mutation]
  1080 | D:8      | Gained mutation: Armour fits poorly on your strangely
                  | shaped body. [potion of mutation]
  1080 | D:8      | Gained mutation: Your spells are a little harder to cast,
                  | but a little more powerful. [potion of mutation]
  1081 | D:8      | Lost mutation: Your spells are a little harder to cast, but
                  | a little more powerful. [potion of mutation]
  1081 | D:8      | Lost mutation: You are dopey. (Int -2) [potion of mutation]
  1081 | D:8      | Lost mutation: Armour fits poorly on your strangely shaped
                  | body. [potion of mutation]
  1081 | D:8      | Gained mutation: Your body sometimes deteriorates upon
                  | taking damage. [potion of mutation]
  1081 | D:8      | Gained mutation: You passively map the area around you.
                  | [potion of mutation]
  1154 | D:7      | Found a blossoming altar of Fedhas.
  1194 | D:8      | Your magical essence is drained by the effort!
  1215 | D:8      | Reached skill level 4 in Spellcasting
  1266 | D:8      | Reached skill level 11 in Axes
  1348 | D:9      | Noticed Erolcha
  1351 | D:9      | Noticed Harold
  1372 | D:9      | Killed Harold
  1372 | D:9      | Reached skill level 3 in Fighting
  1372 | D:9      | Reached skill level 4 in Shields
  1372 | D:9      | Reached skill level 2 in Evocations
  1372 | D:9      | Mutation became permanent: You passively map a small area
                  | around you. [Deep Dwarf growth]
  1372 | D:9      | Gained mutation: You passively map the area around you.
                  | [Deep Dwarf growth]
  1372 | D:9      | Reached XP level 9. HP: 76/76 MP: 9/9
  1376 | D:9      | Killed Erolcha
  1376 | D:9      | Reached skill level 4 in Fighting
  1376 | D:9      | Reached skill level 12 in Axes
  1376 | D:9      | Reached skill level 4 in Evocations
  1427 | D:10     | Entered Level 10 of the Dungeon
  1427 | D:10     | Noticed a troll
  1427 | D:10     | Noticed a two-headed ogre
  1442 | D:10     | Reached skill level 5 in Shields
  1444 | D:10     | Killed a troll
  1448 | D:10     | Your magical essence is drained by the effort!
  1456 | D:10     | Killed a two-headed ogre
  1456 | D:10     | Reached skill level 5 in Evocations
  1456 | D:10     | Reached XP level 10. HP: 57/87 MP: 9/9
  1467 | D:10     | Noticed a two-headed ogre
  1471 | D:10     | Your magical essence is drained by the effort!
  1497 | D:10     | Killed a two-headed ogre
  1497 | D:10     | Reached skill level 5 in Fighting
  1497 | D:10     | Reached skill level 6 in Shields
  1530 | D:10     | Your magical essence is drained by the effort!
  1548 | D:11     | Reached skill level 13 in Axes
  1562 | D:10     | Reached skill level 6 in Evocations
  1693 | D:10     | Found a blossoming altar of Fedhas.
  1740 | D:10     | You fall into a shaft and drop 1 floor!
  1752 | D:11     | Noticed Erica
  1753 | D:11     | Noticed an eight-headed hydra
  1756 | D:11     | Your magical essence is drained by the effort!
  1777 | D:11     | Killed Erica
  1787 | D:11     | HP: 3/88 [seven-headed hydra (10)]
  1787 | D:11     | Slain by a seven-headed hydra

Illustrated notes

Levels and vault maps discovered:
D:1:      evilmike_arrival_home_sweet_home, layout_basic, minmay_hedge_maze
D:2:      layout_rooms, chequers_ecumenical_altar_simple, grunt_ministairs_4,
          yredelemnul_altar_generic
D:3:      layout_basic, nrook_loot_triangle, kennysheep_generic_room_5,
          uniq_jessica
D:4:      layout_cave_pods, kennysheep_generic_room_15
D:5:      layout_loops_ring, grunt_gozag_statues, cheibrodos_sewer_entry_bend
D:6:      layout_cave_pools, nicolae_dithmenos_shadow_blocks
D:7:      layout_basic, fedhas_bush_and_centaur_altar, lemuel_round_altar,
          lemuel_doored_altar, minmay_temple_entry_junction_2,
          grunt_decor_one_mirror, uniq_joseph
D:8:      minmay_opposing_rooms, layout_basic
D:9:      layout_rooms, dpeg_oklobed_lair, interstate_on_off,
          chequers_serial_rivers_small_3, uniq_erolcha, uniq_harold
D:10:     layout_rooms, basic_altar, lemuel_another_geyser
D:11:     layout_rooms, hangedman_abyss_or_decor_clamps, uniq_erica, uniq_psyche

Skill      XL: |  1  2  3  4  5  6  7  8  9 10 |
---------------+-------------------------------+-----
Axes           | 3 4 5 7 8 9 11 12 13 | 13.3
Spellcasting   | 1 3 4 |  4.0
Fighting       | 3 4 5 |  5.4
Shields        | 4 5 6 |  6.5
Evocations     | 2 5 6 |  6.6
Armour         | |  3.2

Action                   |  1- 3 |  4- 6 |  7- 9 | 10-12 || total
-------------------------+-------+-------+-------+-------++-------
Melee: War axe           |    30 |    68 |       |       ||    98
       Hand axe          |       |    15 |   166 |    85 ||   266
       Scimitar          |       |       |       |     2 ||     2
Invok: Curse Item        |     1 |       |     1 |       ||     2
 Abil: Heal Wounds       |     1 |     4 |    12 |     9 ||    26
  Use: Scroll            |       |       |    15 |     1 ||    16
       Potion            |       |       |     3 |       ||     3
Armor: Scale mail        |    19 |       |       |       ||    19
       Chain mail        |       |    90 |    71 |    61 ||   222
Dodge: Dodged            |    20 |    35 |    41 |    29 ||   125
Block: Kite shield       |    25 |    63 |    85 |    47 ||   220
       Rpst.: Scimitar   |       |       |       |     1 ||     1

Table legend: (Time is in decaauts)
 A = Elapsed time spent in this place.
 B = Non-inter-level travel time spent in this place.
 C = Inter-level travel time spent in this place.
 D = Time resting spent in this place.
 E = Time spent auto-exploring this place.
 F = Levels seen in this place.
 G = Mean time per level.
                   A        B        C        D        E       F      G
               +--------+--------+--------+--------+--------+-----+--------+
         Total |   1794 |   1752 |     42 |      0 |      0 |  12 |  149.5 |
       Dungeon |   1674 |   1632 |     42 |      0 |      0 |  11 |  152.2 |
         Sewer |    120 |    120 |      0 |      0 |      0 |   1 |  120.0 |
               +--------+--------+--------+--------+--------+-----+--------+

Top non-repeatable levels by time:
     D:8: 284 daAuts
    D:10: 274 daAuts
     D:5: 269 daAuts
     D:6: 218 daAuts
   Sewer: 120 daAuts
     D:4: 119 daAuts
     D:9: 115 daAuts
     D:2: 92 daAuts
     D:3: 92 daAuts
     D:1: 91 daAuts
     D:7: 61 daAuts
    D:11: 54 daAuts
